Rangers vs Senateurs
Created - 24 mars 2015 at 19:10
Goals
|
| Rangers |
2 |
2 |
0 |
4 |
| Senateurs |
1 |
2 |
2 |
5 |
|
Shots
|
| Rangers |
13 |
8 |
8 |
29 |
| Senateurs |
8 |
10 |
18 |
36 |
|
1st period
1. Rangers , Drew Stafford 18 (Mike Cammalleri) at 5:51
2. Senateurs , Andy McDonald 23 (Vitaly Vishnevsky, Todd Bertuzzi) at 6:25
3. Rangers , Patrice Bergeron 26 (Mike Cammalleri, Cam Barker) at 10:45 (PP)
Penalties :
Milan Lucic (NYR) for High sticking (Minor) at 6:41, Dan Girardi (Ott) for Hooking (Minor) at 10:06
2nd period
4. Senateurs , Daymond Langkow 27 (Vladimir Mihalik) at 11:55
5. Rangers , Milan Lucic 36 (Johan Franzen, Henrik Lundqvist) at 12:46 (PP)
6. Senateurs , Gilbert Brule 39 (Brenden Morrow) at 13:24
7. Rangers , Patrice Bergeron 27 (Ryan Whitney) at 19:28
Penalties :
Brenden Morrow (Ott) for High sticking (Double Minor) at 5:57, Brenden Morrow (Ott) for Hooking (Minor) at 12:21
3rd period
8. Senateurs , Brenden Morrow 24 (Gilbert Brule, Jean-Pierre Dumont) at 0:06
9. Senateurs , Brenden Morrow 25 (Jean-Pierre Dumont, Daymond Langkow) at 0:26 (PP)
Penalties :
Ryan Whitney (NYR) for Tripping (Minor) at 0:23, Matt Greene (NYR) for Hooking (Minor) at 2:13, Johan Franzen (NYR) for Hooking (Minor) at 6:03
Goalie Stats
Henrik Lundqvist (NYR), 31 saves from 36 shots - (0,861), L, 21-29-7, 59:11 minutes
Ondrej Pavelec (Ott), 25 saves from 29 shots - (0,862), W, 26-23-7, 60:00 minutes
Players Stats for Rangers
Player Name G A P +/- PIM S H SB GA TA FO MP PP MP PK MP
------------------------------------------------------------------------------------
Alexandre Burrows 0 0 0 -2 0 3 0 0 2 0 1/1 15:10 0:24 0:43
Alexei Emelin 0 0 0 0 0 0 0 0 0 0 0/0 3:48 0:00 0:00
Brad Richards 0 0 0 -3 0 4 2 3 0 0 27/44 22:00 2:36 3:32
Cam Barker 0 1 1 -2 0 0 1 3 0 0 0/0 28:24 3:09 3:45
Drew Stafford 1 0 1 2 0 3 3 0 0 0 0/0 16:33 2:08 0:00
Johan Franzen 0 1 1 -3 2 2 5 0 0 1 0/0 18:13 2:35 0:00
Kimmo Timonen 0 0 0 0 0 2 0 4 0 0 0/0 19:56 1:54 2:15
Mark Fistric 0 0 0 0 0 0 2 2 0 1 0/0 19:56 1:54 2:15
Matt Greene 0 0 0 0 2 0 2 0 0 0 0/0 11:40 0:00 0:00
Matt Read 0 0 0 -1 0 0 1 0 0 1 0/0 12:44 0:15 0:00
Mike Cammalleri 0 2 2 2 0 2 1 1 0 1 1/1 17:44 2:03 1:33
Milan Lucic 1 0 1 -2 2 4 2 1 2 0 3/4 23:58 2:36 1:58
Nathan Gerbe 0 0 0 0 0 0 0 0 0 0 0/0 5:31 0:00 0:00
Patrice Bergeron 2 0 2 2 0 5 1 0 1 1 4/7 19:07 2:08 2:28
Radek Bonk 0 0 0 -1 0 1 2 1 0 0 1/2 13:58 0:24 0:00
Ryan Whitney 0 1 1 -2 2 3 1 1 0 1 0/0 24:32 3:09 3:42
Staffan Kronwall 0 0 0 0 0 0 0 0 0 0 0/0 11:43 0:00 0:03
Valtteri Filppula 0 0 0 0 0 0 0 0 1 0 2/4 8:59 0:00 1:46
Players Stats for Senateurs
Player Name G A P +/- PIM S H SB GA TA FO MP PP MP PK MP
------------------------------------------------------------------------------------
Andrew Ebbett 0 0 0 0 0 2 0 0 1 0 4/7 13:45 0:04 1:40
Andy Hilbert 0 0 0 -1 0 1 0 0 0 0 0/0 9:09 0:00 1:31
Andy McDonald 1 0 1 2 0 3 2 0 0 0 1/1 15:20 2:20 0:14
B.J. Crombeen 0 0 0 0 0 3 0 0 1 0 2/5 14:01 0:00 2:08
Brenden Morrow 2 1 3 1 6 5 2 0 0 1 1/4 20:43 3:35 0:30
Carlo Colaiacovo 0 0 0 1 0 0 1 0 0 0 0/0 22:30 2:58 1:59
Dan Girardi 0 0 0 1 2 2 0 1 0 1 0/0 22:17 2:58 1:47
Dan Hamhuis 0 0 0 2 0 2 1 1 0 1 0/0 27:12 3:02 3:04
Darcy Hordichuk 0 0 0 0 0 1 2 1 0 0 0/0 12:10 0:09 0:00
Daymond Langkow 1 1 2 2 0 2 1 0 0 0 8/17 18:51 3:36 0:45
Gilbert Brule 1 1 2 1 0 4 1 0 1 0 7/25 17:39 2:20 0:31
Jean-Pierre Dumont 0 2 2 1 0 3 4 1 1 1 0/1 22:55 3:36 2:47
Nikita Alexeev 0 0 0 -1 0 3 1 0 0 0 1/1 7:38 0:00 0:00
Sami Salo 0 0 0 -1 0 0 1 0 1 0 0/0 10:18 0:00 0:00
Todd Bertuzzi 0 1 1 2 0 0 1 0 1 0 0/0 15:06 2:20 0:00
Vernon Fiddler 0 0 0 -1 0 3 2 0 0 0 0/2 7:38 0:00 0:00
Vitaly Vishnevsky 0 1 1 2 0 2 1 1 0 2 0/0 27:12 3:02 3:04
Vladimir Mihalik 0 1 1 -1 0 0 0 0 0 0 0/0 10:30 0:00 0:12
3 Stars
1 - Patrice Bergeron (NYR)
2 - Daymond Langkow (Ott)
3 - Drew Stafford (NYR)
Power Play
Rangers - 2 on 4 Attempt(s) - 50,00%
Senateurs - 1 on 4 Attempt(s) - 25,00%
Penalty Kill
Rangers - 3 on 4 Attempt(s) - 75,00%
- Score 0 goal in Penalty Kill
Senateurs - 2 on 4 Attempt(s) - 50,00%
- Score 0 goal in Penalty Kill
Team Stat
Rangers - Hits : 23 - Faceoff Wins : 39 - Blocked Shots : 16 - Penalty Minutes : 8
Senateurs - Hits : 20 - Faceoff Wins : 24 - Blocked Shots : 5 - Penalty Minutes : 8
Official
Referees : McCreary Bill and Kimmerly Greg
Linesman : Darren Gibbs and Ryan Galloway
Game Notes
No Game Note
Finance
Level 1 -- Attendance: 5590 (93,17%) -- Ticket Income 447 200 $
Level 2 -- Attendance: 3847 (76,94%) -- Ticket Income 211 585 $
Level 3 -- Attendance: 1360 (68,00%) -- Ticket Income 47 600 $
Level 4 -- Attendance: 4000 (100,00%) -- Ticket Income 60 000 $
Luxury Box -- Attendance: 989 (98,90%) -- Ticket Income 158 240 $
Game was played at the Place Banque Scotia'
Total Attendance: 15786 (87,70%)
Total Ticket Income: 924 625 $
Other Income: 138 694 $
Total Income: 1 063 319 $
Rangers
5 vs 5 Forward
Center Left Wing Right Wing Time % Phy DF OF
1 Brad Richards Milan Lucic Johan Franzen 40 1 2 2
2 Patrice Bergeron Mike Cammalleri Drew Stafford 30 1 2 2
3 Radek Bonk Alexandre Burrows Matt Read 20 1 2 2
4 Valtteri Filppula Nathan Gerbe Milan Lucic 10 1 2 2
5 vs 5 Defense
Defense Defense Time % Phy DF OF
1 Cam Barker Ryan Whitney 40 1 2 2
2 Kimmo Timonen Mark Fistric 30 1 2 2
3 Matt Greene Staffan Kronwall 20 1 2 2
4 Alexei Emelin Cam Barker 10 1 2 2
PowerPlay Forward
Center Left Wing Right Wing Time % Phy DF OF
1 Brad Richards Milan Lucic Johan Franzen 60 1 2 2
2 Patrice Bergeron Mike Cammalleri Drew Stafford 40 1 2 2
PowerPlay Defense
Defense Defense Time % Phy DF OF
1 Cam Barker Ryan Whitney 60 1 2 2
2 Kimmo Timonen Mark Fistric 40 1 2 2
Penalty Kill 4 Players Forward
Center Wing Time % Phy DF OF
1 Milan Lucic Brad Richards 60 1 2 2
2 Patrice Bergeron Mike Cammalleri 40 1 2 2
Penalty Kill 4 Players Defense
Defense Defense Time % Phy DF OF
1 Cam Barker Ryan Whitney 60 1 2 2
2 Kimmo Timonen Mark Fistric 40 1 2 2
Penalty Kill - 3 Players Forward
Forward Time % Phy DF OF
1 Milan Lucic 60 1 2 2
2 Brad Richards 40 1 2 2
Penalty Kill - 3 Players Defense
Defense Defense Time % Phy DF OF
1 Cam Barker Ryan Whitney 60 1 2 2
2 Kimmo Timonen Mark Fistric 40 1 2 2
4 vs 4 Forward
Center Wing Time % Phy DF OF
1 Milan Lucic Brad Richards 60 1 2 2
2 Patrice Bergeron Mike Cammalleri 40 1 2 2
4 vs 4 Defense
Defense Defense Time % Phy DF OF
1 Cam Barker Ryan Whitney 60 1 2 2
2 Kimmo Timonen Mark Fistric 40 1 2 2
Last Minutes Offensive
Center Left Wing Right Wing Defense Defense
Brad Richards Milan Lucic Johan Franzen Cam Barker Ryan Whitney
Last Minutes Defensive
Center Left Wing Right Wing Defense Defense
Brad Richards Milan Lucic Johan Franzen Cam Barker Ryan Whitney
Goaltenders
Starting : Henrik Lundqvist
Backup : Hannu Toivonen
Extra Forwards
Normal : Alexandre Burrows, Radek Bonk, Valtteri Filppula - PP : Alexandre Burrows, Radek Bonk - PK : Valtteri Filppula
Extra Defensemen
Normal : Matt Greene, Staffan Kronwall, Alexei Emelin - PP : Matt Greene - PK : Staffan Kronwall, Alexei Emelin
Penalty Shots
Milan Lucic, Brad Richards, Patrice Bergeron, Mike Cammalleri, Johan Franzen
Senateurs
5 vs 5 Forward
Center Left Wing Right Wing Time % Phy DF OF
1 Gilbert Brule Brenden Morrow Jean-Pierre Dumont 39 1 2 2
2 Daymond Langkow Andy McDonald Todd Bertuzzi 31 1 2 2
3 Andrew Ebbett Darcy Hordichuk B.J. Crombeen 20 1 2 2
4 Vernon Fiddler Andy Hilbert Nikita Alexeev 10 1 2 2
5 vs 5 Defense
Defense Defense Time % Phy DF OF
1 Vitaly Vishnevsky Dan Hamhuis 40 1 2 2
2 Carlo Colaiacovo Dan Girardi 30 1 2 2
3 Sami Salo Vladimir Mihalik 20 1 2 2
4 Vitaly Vishnevsky Dan Hamhuis 10 1 2 2
PowerPlay Forward
Center Left Wing Right Wing Time % Phy DF OF
1 Daymond Langkow Brenden Morrow Jean-Pierre Dumont 60 1 2 2
2 Gilbert Brule Andy McDonald Todd Bertuzzi 40 1 2 2
PowerPlay Defense
Defense Defense Time % Phy DF OF
1 Vitaly Vishnevsky Dan Hamhuis 60 1 2 2
2 Carlo Colaiacovo Dan Girardi 40 1 2 2
Penalty Kill 4 Players Forward
Center Wing Time % Phy DF OF
1 Brenden Morrow Jean-Pierre Dumont 60 1 2 2
2 Daymond Langkow Gilbert Brule 40 1 2 2
Penalty Kill 4 Players Defense
Defense Defense Time % Phy DF OF
1 Vitaly Vishnevsky Dan Hamhuis 60 1 2 2
2 Carlo Colaiacovo Dan Girardi 40 1 2 2
Penalty Kill - 3 Players Forward
Forward Time % Phy DF OF
1 Brenden Morrow 60 1 2 2
2 Jean-Pierre Dumont 40 1 2 2
Penalty Kill - 3 Players Defense
Defense Defense Time % Phy DF OF
1 Vitaly Vishnevsky Dan Hamhuis 60 1 2 2
2 Carlo Colaiacovo Dan Girardi 40 1 2 2
4 vs 4 Forward
Center Wing Time % Phy DF OF
1 Brenden Morrow Jean-Pierre Dumont 60 1 2 2
2 Daymond Langkow Gilbert Brule 40 1 2 2
4 vs 4 Defense
Defense Defense Time % Phy DF OF
1 Vitaly Vishnevsky Dan Hamhuis 60 1 2 2
2 Carlo Colaiacovo Dan Girardi 40 1 2 2
Last Minutes Offensive
Center Left Wing Right Wing Defense Defense
Daymond Langkow Brenden Morrow Jean-Pierre Dumont Vitaly Vishnevsky Dan Hamhuis
Last Minutes Defensive
Center Left Wing Right Wing Defense Defense
Daymond Langkow Brenden Morrow Jean-Pierre Dumont Vitaly Vishnevsky Dan Hamhuis
Goaltenders
Starting : Ondrej Pavelec
Backup : Jeff Deslauriers
Extra Forwards
Normal : Darcy Hordichuk, Andrew Ebbett, B.J. Crombeen - PP : Darcy Hordichuk, Andrew Ebbett - PK : B.J. Crombeen
Extra Defensemen
Normal : Sami Salo, Vladimir Mihalik, Carlo Colaiacovo - PP : Sami Salo - PK : Vladimir Mihalik, Carlo Colaiacovo
Penalty Shots
Brenden Morrow, Jean-Pierre Dumont, Daymond Langkow, Gilbert Brule, Andy McDonald
% Time on Ice - Rangers
Lines # - Real PCT - Wanted PCT - Time Play
Normal Forward
1 - 33% - 40% - 15:33
2 - 31% - 30% - 14:36
3 - 25% - 20% - 12:09
4 - 12% - 10% - 5:31
Normal Defense
1 - 35% - 40% - 16:34
2 - 33% - 30% - 15:47
3 - 24% - 20% - 11:40
4 - 8% - 10% - 3:48
PP Forward
1 - 58% - 60% - 2:55
2 - 42% - 40% - 2:08
PP Defense
1 - 62% - 60% - 3:09
2 - 38% - 40% - 1:54
PK Forward
1 - 74% - 60% - 4:27
2 - 26% - 40% - 1:33
PK Defense
1 - 63% - 60% - 3:45
2 - 38% - 40% - 2:15
PK3 Forward
1 - 0% - 60%
2 - 0% - 40%
PK3 Defense
1 - 0% - 60%
2 - 0% - 40%
44 Forward
1 - 0% - 60%
2 - 0% - 40%
44 Defense
1 - 0% - 60%
2 - 0% - 40%
Last Minute Offensive - 1:08
Last Minute Defensive - 0:00
Total
Forward - 60:00
Defense - 60:00
|
% Time on Ice - Senateurs
Lines # - Real PCT - Wanted PCT - Time Play
Normal Forward
1 - 32% - 39% - 15:32
2 - 27% - 31% - 12:46
3 - 25% - 20% - 11:53
4 - 16% - 10% - 7:38
Normal Defense
1 - 38% - 40% - 18:18
2 - 37% - 30% - 17:33
3 - 22% - 20% - 10:18
4 - 3% - 10% - 1:40
PP Forward
1 - 61% - 60% - 3:40
2 - 39% - 40% - 2:20
PP Defense
1 - 51% - 60% - 3:02
2 - 49% - 40% - 2:58
PK Forward
1 - 90% - 60% - 4:32
2 - 10% - 40% - 0:31
PK Defense
1 - 61% - 60% - 3:04
2 - 39% - 40% - 1:59
PK3 Forward
1 - 0% - 60%
2 - 0% - 40%
PK3 Defense
1 - 0% - 60%
2 - 0% - 40%
44 Forward
1 - 0% - 60%
2 - 0% - 40%
44 Defense
1 - 0% - 60%
2 - 0% - 40%
Last Minute Offensive - 0:00
Last Minute Defensive - 1:08
Total
Forward - 60:00
Defense - 60:00
|
Play by Play
1st period
0:01 of 1st period - Brad Richards wins face-off versus Gilbert Brule in neutral zone.
0:26 of 1st period - Daymond Langkow is hit by Mike Cammalleri and loses puck.
1:17 of 1st period - Jean-Pierre Dumont is hit by Radek Bonk and loses puck.
2:05 of 1st period - Icing by Patrice Bergeron.
2:06 of 1st period - Gilbert Brule wins face-off versus Patrice Bergeron in Rangers zone.
3:25 of 1st period - Slapshot by Drew Stafford.
3:25 of 1st period - Stopped by Ondrej Pavelec without a rebound.
3:26 of 1st period - Brad Richards wins face-off versus Andrew Ebbett in Senateurs zone.
3:27 of 1st period - Wrist shot by Milan Lucic.
3:27 of 1st period - Stopped by Ondrej Pavelec without a rebound.
3:28 of 1st period - Brad Richards wins face-off versus Andrew Ebbett in Senateurs zone.
3:29 of 1st period - Slapshot by Milan Lucic.
3:29 of 1st period - Shot Blocked by Darcy Hordichuk.
3:53 of 1st period - Dan Hamhuis is hit by Radek Bonk and loses puck.
4:14 of 1st period - Slapshot by Ryan Whitney.
4:14 of 1st period - Stopped by Ondrej Pavelec with a rebound.
5:36 of 1st period - Icing by Brad Richards.
5:37 of 1st period - Brad Richards wins face-off versus Vernon Fiddler in Rangers zone.
5:44 of 1st period - Andy Hilbert is hit by Mark Fistric and loses puck.
5:51 of 1st period - Snap shot by Drew Stafford.
5:51 of 1st period - Goal by Drew Stafford - Rangers : 1 - Senateurs : 0.
5:52 of 1st period - Brad Richards wins face-off versus Gilbert Brule in neutral zone.
6:09 of 1st period - Jean-Pierre Dumont is hit by Johan Franzen and loses puck.
6:23 of 1st period - Slapshot by Vitaly Vishnevsky.
6:23 of 1st period - Shot Misses the Net.
6:25 of 1st period - Backhand shot by Vitaly Vishnevsky.
6:25 of 1st period - Deflect By Andy McDonald.
6:25 of 1st period - Goal by Andy McDonald - Rangers : 1 - Senateurs : 1.
6:26 of 1st period - Brad Richards wins face-off versus Gilbert Brule in neutral zone.
6:29 of 1st period - Gilbert Brule is hit by Ryan Whitney and loses puck.
6:41 of 1st period - Minor Penalty to Milan Lucic for High sticking.
6:42 of 1st period - Daymond Langkow wins face-off versus Valtteri Filppula in Rangers zone.
6:48 of 1st period - Wrist shot by Brenden Morrow.
6:48 of 1st period - Stopped by Henrik Lundqvist without a rebound.
6:49 of 1st period - Valtteri Filppula wins face-off versus Daymond Langkow in Rangers zone.
7:22 of 1st period - Snap shot by Gilbert Brule.
7:22 of 1st period - Stopped by Henrik Lundqvist without a rebound.
7:23 of 1st period - Daymond Langkow wins face-off versus Brad Richards in Rangers zone.
7:34 of 1st period - Wrist shot by Daymond Langkow.
7:34 of 1st period - Deflect By Jean-Pierre Dumont.
7:34 of 1st period - Shot Blocked by Kimmo Timonen.
7:34 of 1st period - Puck is out of play.
7:35 of 1st period - Valtteri Filppula wins face-off versus Daymond Langkow in Rangers zone.
7:50 of 1st period - Snap shot by Jean-Pierre Dumont.
7:50 of 1st period - Shot Blocked by Cam Barker.
8:41 of 1st period - Penalty to Milan Lucic is over, Milan Lucic is back on ice.
9:09 of 1st period - Slapshot by Kimmo Timonen.
9:09 of 1st period - Stopped by Ondrej Pavelec with a rebound.
9:18 of 1st period - Snap shot by B.J. Crombeen.
9:18 of 1st period - Stopped by Henrik Lundqvist with a rebound.
9:57 of 1st period - Wrist shot by Vernon Fiddler.
9:57 of 1st period - Deflect By Andy Hilbert.
9:57 of 1st period - Shot Misses the Net.
9:57 of 1st period - Puck is out of play.
9:58 of 1st period - Patrice Bergeron wins face-off versus Vernon Fiddler in Rangers zone.
10:06 of 1st period - Minor Penalty to Dan Girardi for Hooking.
10:07 of 1st period - Brenden Morrow wins face-off versus Brad Richards in Senateurs zone.
10:21 of 1st period - Snap shot by Brad Richards.
10:21 of 1st period - Shot Misses the Net.
10:45 of 1st period - Slapshot by Patrice Bergeron.
10:45 of 1st period - Goal by Patrice Bergeron - Rangers : 2 - Senateurs : 1.
10:46 of 1st period - Brad Richards wins face-off versus Gilbert Brule in neutral zone.
11:07 of 1st period - Jean-Pierre Dumont is hit by Cam Barker and loses puck.
11:19 of 1st period - Off-side.
11:20 of 1st period - Andy McDonald wins face-off versus Patrice Bergeron in neutral zone.
11:52 of 1st period - Slapshot by Alexandre Burrows.
11:52 of 1st period - Stopped by Ondrej Pavelec without a rebound.
11:53 of 1st period - Brad Richards wins face-off versus Gilbert Brule in Senateurs zone.
12:06 of 1st period - Snap shot by Brenden Morrow.
12:06 of 1st period - Stopped by Henrik Lundqvist without a rebound.
12:07 of 1st period - Brad Richards wins face-off versus Gilbert Brule in Rangers zone.
12:12 of 1st period - Backhand shot by Brad Richards.
12:12 of 1st period - Shot Misses the Net.
12:14 of 1st period - Wrist shot by Johan Franzen.
12:14 of 1st period - Stopped by Ondrej Pavelec with a rebound.
12:16 of 1st period - Slapshot by Ryan Whitney.
12:16 of 1st period - Stopped by Ondrej Pavelec with a rebound.
12:18 of 1st period - Wrist shot by Milan Lucic.
12:18 of 1st period - Shot Misses the Net.
12:20 of 1st period - Slapshot by Ryan Whitney.
12:20 of 1st period - Shot Blocked by Vitaly Vishnevsky.
12:22 of 1st period - Snap shot by Milan Lucic.
12:22 of 1st period - Shot Misses the Net.
12:34 of 1st period - Slapshot by Radek Bonk.
12:34 of 1st period - Shot Misses the Net.
12:42 of 1st period - Wrist shot by Radek Bonk.
12:42 of 1st period - Deflect By Vitaly Vishnevsky.
12:42 of 1st period - Shot Blocked by Jean-Pierre Dumont.
12:42 of 1st period - Puck is out of play.
12:43 of 1st period - Andrew Ebbett wins face-off versus Brad Richards in Senateurs zone.
13:16 of 1st period - Wrist shot by Drew Stafford.
13:16 of 1st period - Deflect By Patrice Bergeron.
13:16 of 1st period - Stopped by Ondrej Pavelec without a rebound.
13:17 of 1st period - Mike Cammalleri wins face-off versus Gilbert Brule in Senateurs zone.
13:25 of 1st period - Backhand shot by Drew Stafford.
13:25 of 1st period - Deflect By Patrice Bergeron.
13:25 of 1st period - Stopped by Ondrej Pavelec without a rebound.
13:26 of 1st period - Brad Richards wins face-off versus Gilbert Brule in Senateurs zone.
13:29 of 1st period - Slapshot by Brad Richards.
13:29 of 1st period - Stopped by Ondrej Pavelec without a rebound.
13:30 of 1st period - Brad Richards wins face-off versus Gilbert Brule in Senateurs zone.
13:41 of 1st period - Snap shot by Brenden Morrow.
13:41 of 1st period - Shot Blocked by Cam Barker.
13:55 of 1st period - Mike Cammalleri is hit by Dan Hamhuis and loses puck.
14:18 of 1st period - Snap shot by Darcy Hordichuk.
14:18 of 1st period - Shot Hit the Post.
14:20 of 1st period - Wrist shot by Darcy Hordichuk.
14:20 of 1st period - Stopped by Henrik Lundqvist with a rebound.
14:22 of 1st period - Snap shot by Darcy Hordichuk.
14:22 of 1st period - Shot Blocked by Radek Bonk.
14:59 of 1st period - Matt Greene is hit by Vernon Fiddler and loses puck.
15:28 of 1st period - Brad Richards is hit by Sami Salo.
15:47 of 1st period - Slapshot by Alexandre Burrows.
15:47 of 1st period - Stopped by Ondrej Pavelec with a rebound.
16:13 of 1st period - Wrist shot by Jean-Pierre Dumont.
16:13 of 1st period - Stopped by Henrik Lundqvist without a rebound.
16:14 of 1st period - Gilbert Brule wins face-off versus Valtteri Filppula in Rangers zone.
16:35 of 1st period - Wrist shot by Dan Hamhuis.
16:35 of 1st period - Stopped by Henrik Lundqvist with a rebound.
16:37 of 1st period - Slapshot by B.J. Crombeen.
16:37 of 1st period - Shot Misses the Net.
17:26 of 1st period - Brad Richards is hit by Gilbert Brule.
Goals for this period are 2 for Rangers vs 1 for Senateurs.
Shots for this period are 13 for Rangers vs 8 for Senateurs.
2nd period
0:01 of 2nd period - Gilbert Brule wins face-off versus Brad Richards in neutral zone.
0:03 of 2nd period - Off-side.
0:04 of 2nd period - Brad Richards wins face-off versus Gilbert Brule in neutral zone.
0:37 of 2nd period - Snap shot by Gilbert Brule.
0:37 of 2nd period - Stopped by Henrik Lundqvist with a rebound.
0:39 of 2nd period - Wrist shot by Andy McDonald.
0:39 of 2nd period - Stopped by Henrik Lundqvist with a rebound.
0:41 of 2nd period - Snap shot by Todd Bertuzzi.
0:41 of 2nd period - Shot Blocked by Cam Barker.
0:43 of 2nd period - Snap shot by Todd Bertuzzi.
0:43 of 2nd period - Shot Misses the Net.
1:13 of 2nd period - Milan Lucic is hit by Nikita Alexeev and loses puck.
2:20 of 2nd period - Vernon Fiddler is hit by Matt Greene and loses puck.
2:31 of 2nd period - Sami Salo is hit by Johan Franzen and loses puck.
2:58 of 2nd period - Snap shot by Andy Hilbert.
2:58 of 2nd period - Shot Blocked by Mike Cammalleri.
3:32 of 2nd period - Snap shot by Brad Richards.
3:32 of 2nd period - Stopped by Ondrej Pavelec with a rebound.
3:43 of 2nd period - Milan Lucic is hit by Andy McDonald and loses puck.
4:48 of 2nd period - Brad Richards is hit by Andy McDonald and loses puck.
5:13 of 2nd period - Alexandre Burrows is hit by Vernon Fiddler and loses puck.
5:20 of 2nd period - Slapshot by Dan Hamhuis.
5:20 of 2nd period - Stopped by Henrik Lundqvist with a rebound.
5:22 of 2nd period - Snap shot by Vernon Fiddler.
5:22 of 2nd period - Stopped by Henrik Lundqvist without a rebound.
5:23 of 2nd period - Daymond Langkow wins face-off versus Brad Richards in Rangers zone.
5:26 of 2nd period - Snap shot by Andy McDonald.
5:26 of 2nd period - Stopped by Henrik Lundqvist without a rebound.
5:27 of 2nd period - Daymond Langkow wins face-off versus Brad Richards in Rangers zone.
5:57 of 2nd period - Double Minor Penalty to Brenden Morrow for High sticking.
5:58 of 2nd period - B.J. Crombeen wins face-off versus Brad Richards in Senateurs zone.
6:24 of 2nd period - Patrice Bergeron is hit by Jean-Pierre Dumont and loses puck.
6:47 of 2nd period - Slapshot by Drew Stafford.
6:47 of 2nd period - Stopped by Ondrej Pavelec without a rebound.
6:48 of 2nd period - Brad Richards wins face-off versus B.J. Crombeen in Senateurs zone.
8:12 of 2nd period - Snap shot by Daymond Langkow.
8:12 of 2nd period - Deflect By Andy McDonald.
8:12 of 2nd period - Shot Blocked by Kimmo Timonen.
8:12 of 2nd period - Puck is out of play.
8:13 of 2nd period - Brad Richards wins face-off versus B.J. Crombeen in Rangers zone.
8:18 of 2nd period - Cam Barker is hit by Jean-Pierre Dumont and loses puck.
9:57 of 2nd period - Penalty to Brenden Morrow is over, Brenden Morrow is back on ice.
10:03 of 2nd period - Daymond Langkow is hit by Matt Greene and loses puck.
11:20 of 2nd period - Mike Cammalleri is hit by Brenden Morrow and loses puck.
11:33 of 2nd period - Kimmo Timonen is hit by Darcy Hordichuk and loses puck.
11:50 of 2nd period - Kimmo Timonen is hit by Daymond Langkow and loses puck.
11:55 of 2nd period - Snap shot by Daymond Langkow.
11:55 of 2nd period - Goal by Daymond Langkow - Rangers : 2 - Senateurs : 2.
11:56 of 2nd period - Brad Richards wins face-off versus Brenden Morrow in neutral zone.
12:01 of 2nd period - Snap shot by Milan Lucic.
12:01 of 2nd period - Shot Misses the Net.
12:08 of 2nd period - Off-side.
12:09 of 2nd period - Brad Richards wins face-off versus Gilbert Brule in neutral zone.
12:21 of 2nd period - Minor Penalty to Brenden Morrow for Hooking.
12:22 of 2nd period - Brad Richards wins face-off versus B.J. Crombeen in Senateurs zone.
12:32 of 2nd period - Snap shot by Brad Richards.
12:32 of 2nd period - Deflect By Johan Franzen.
12:32 of 2nd period - Shot Blocked by Dan Hamhuis.
12:32 of 2nd period - Puck is out of play.
12:33 of 2nd period - B.J. Crombeen wins face-off versus Brad Richards in Senateurs zone.
12:42 of 2nd period - Slapshot by Milan Lucic.
12:42 of 2nd period - Stopped by Ondrej Pavelec with a rebound.
12:44 of 2nd period - Snap shot by Johan Franzen.
12:44 of 2nd period - Shot Misses the Net.
12:46 of 2nd period - Slapshot by Milan Lucic.
12:46 of 2nd period - Goal by Milan Lucic - Rangers : 3 - Senateurs : 2.
12:47 of 2nd period - Brad Richards wins face-off versus Gilbert Brule in neutral zone.
12:50 of 2nd period - Wrist shot by Milan Lucic.
12:50 of 2nd period - Shot Misses the Net.
12:55 of 2nd period - Off-side.
12:56 of 2nd period - Gilbert Brule wins face-off versus Brad Richards in neutral zone.
12:59 of 2nd period - Johan Franzen is hit by Jean-Pierre Dumont and loses puck.
13:04 of 2nd period - Wrist shot by Gilbert Brule.
13:04 of 2nd period - Shot Misses the Net.
13:24 of 2nd period - Slapshot by Gilbert Brule.
13:24 of 2nd period - Goal by Gilbert Brule - Rangers : 3 - Senateurs : 3.
13:25 of 2nd period - Brad Richards wins face-off versus Gilbert Brule in neutral zone.
13:34 of 2nd period - Cam Barker is hit by Jean-Pierre Dumont and loses puck.
13:51 of 2nd period - Andy McDonald is hit by Patrice Bergeron and loses puck.
14:57 of 2nd period - Andy Hilbert is hit by Brad Richards and loses puck.
15:13 of 2nd period - Icing by Todd Bertuzzi.
15:14 of 2nd period - Patrice Bergeron wins face-off versus Daymond Langkow in Senateurs zone.
15:41 of 2nd period - Dan Girardi is hit by Matt Read.
15:45 of 2nd period - Backhand shot by Alexandre Burrows.
15:45 of 2nd period - Stopped by Ondrej Pavelec without a rebound.
15:46 of 2nd period - Brad Richards wins face-off versus Brenden Morrow in Senateurs zone.
16:11 of 2nd period - Snap shot by Drew Stafford.
16:11 of 2nd period - Shot Misses the Net.
16:13 of 2nd period - Wrist shot by Mike Cammalleri.
16:13 of 2nd period - Stopped by Ondrej Pavelec without a rebound.
16:14 of 2nd period - Andrew Ebbett wins face-off versus Patrice Bergeron in Senateurs zone.
17:05 of 2nd period - Slapshot by Andrew Ebbett.
17:05 of 2nd period - Stopped by Henrik Lundqvist without a rebound.
17:06 of 2nd period - Brad Richards wins face-off versus Jean-Pierre Dumont in Rangers zone.
17:11 of 2nd period - Gilbert Brule is hit by Johan Franzen and loses puck.
17:57 of 2nd period - Wrist shot by Nikita Alexeev.
17:57 of 2nd period - Stopped by Henrik Lundqvist with a rebound.
18:05 of 2nd period - Snap shot by Andy Hilbert.
18:05 of 2nd period - Shot Misses the Net.
18:07 of 2nd period - Snap shot by Andy Hilbert.
18:07 of 2nd period - Stopped by Henrik Lundqvist without a rebound.
18:08 of 2nd period - Patrice Bergeron wins face-off versus Gilbert Brule in Rangers zone.
19:28 of 2nd period - Snap shot by Patrice Bergeron.
19:28 of 2nd period - Goal by Patrice Bergeron - Rangers : 4 - Senateurs : 3.
19:29 of 2nd period - Brad Richards wins face-off versus Gilbert Brule in neutral zone.
19:34 of 2nd period - Snap shot by Milan Lucic.
19:34 of 2nd period - Shot Misses the Net.
19:36 of 2nd period - Snap shot by Kimmo Timonen.
19:36 of 2nd period - Shot Misses the Net.
19:38 of 2nd period - Slapshot by Kimmo Timonen.
19:38 of 2nd period - Shot Misses the Net.
19:40 of 2nd period - Slapshot by Kimmo Timonen.
19:40 of 2nd period - Stopped by Ondrej Pavelec without a rebound.
19:41 of 2nd period - Gilbert Brule wins face-off versus Brad Richards in Senateurs zone.
Goals for this period are 2 for Rangers vs 2 for Senateurs.
Shots for this period are 8 for Rangers vs 10 for Senateurs.
3rd period
0:01 of 3rd period - Gilbert Brule wins face-off versus Brad Richards in neutral zone.
0:06 of 3rd period - Wrist shot by Brenden Morrow.
0:06 of 3rd period - Goal by Brenden Morrow - Rangers : 4 - Senateurs : 4.
0:07 of 3rd period - Brad Richards wins face-off versus Gilbert Brule in neutral zone.
0:10 of 3rd period - Snap shot by Ryan Whitney.
0:10 of 3rd period - Deflect By Jean-Pierre Dumont.
0:10 of 3rd period - Stopped by Ondrej Pavelec without a rebound.
0:11 of 3rd period - Brad Richards wins face-off versus Gilbert Brule in Senateurs zone.
0:23 of 3rd period - Minor Penalty to Ryan Whitney for Tripping.
0:24 of 3rd period - Daymond Langkow wins face-off versus Milan Lucic in Rangers zone.
0:26 of 3rd period - Snap shot by Brenden Morrow.
0:26 of 3rd period - Goal by Brenden Morrow - Rangers : 4 - Senateurs : 5.
0:27 of 3rd period - Gilbert Brule wins face-off versus Brad Richards in neutral zone.
0:30 of 3rd period - Snap shot by Jean-Pierre Dumont.
0:30 of 3rd period - Stopped by Henrik Lundqvist with a rebound.
0:32 of 3rd period - Slapshot by Vitaly Vishnevsky.
0:32 of 3rd period - Shot Blocked by Brad Richards.
0:34 of 3rd period - Slapshot by Vitaly Vishnevsky.
0:34 of 3rd period - Deflect By Gilbert Brule.
0:34 of 3rd period - Stopped by Henrik Lundqvist with a rebound.
0:36 of 3rd period - Snap shot by Brenden Morrow.
0:36 of 3rd period - Shot Blocked by Ryan Whitney.
0:38 of 3rd period - Slapshot by Vitaly Vishnevsky.
0:38 of 3rd period - Stopped by Henrik Lundqvist with a rebound.
0:40 of 3rd period - Snap shot by Brenden Morrow.
0:40 of 3rd period - Shot Misses the Net.
0:42 of 3rd period - Slapshot by Vitaly Vishnevsky.
0:42 of 3rd period - Shot Misses the Net.
1:48 of 3rd period - Slapshot by Gilbert Brule.
1:48 of 3rd period - Shot Blocked by Milan Lucic.
1:50 of 3rd period - Slapshot by Dan Girardi.
1:50 of 3rd period - Deflect By Gilbert Brule.
1:50 of 3rd period - Shot Misses the Net.
1:50 of 3rd period - Puck is out of play.
1:51 of 3rd period - Patrice Bergeron wins face-off versus Daymond Langkow in Rangers zone.
1:51 of 3rd period - Patrice Bergeron is hit by Vitaly Vishnevsky.
2:13 of 3rd period - Minor Penalty to Matt Greene for Hooking.
2:14 of 3rd period - Milan Lucic wins face-off versus Daymond Langkow in Rangers zone.
2:39 of 3rd period - Vitaly Vishnevsky is hit by Brad Richards and loses puck.
4:12 of 3rd period - Cam Barker is hit by Carlo Colaiacovo and loses puck.
4:13 of 3rd period - Penalty to Matt Greene is over, Matt Greene is back on ice.
4:58 of 3rd period - Snap shot by Vernon Fiddler.
4:58 of 3rd period - Stopped by Henrik Lundqvist with a rebound.
5:00 of 3rd period - Snap shot by Carlo Colaiacovo.
5:00 of 3rd period - Deflect By Nikita Alexeev.
5:00 of 3rd period - Stopped by Henrik Lundqvist without a rebound.
5:01 of 3rd period - Andrew Ebbett wins face-off versus Brad Richards in Rangers zone.
5:04 of 3rd period - Wrist shot by Andrew Ebbett.
5:04 of 3rd period - Shot Blocked by Brad Richards.
5:06 of 3rd period - Slapshot by Vitaly Vishnevsky.
5:06 of 3rd period - Stopped by Henrik Lundqvist with a rebound.
6:03 of 3rd period - Minor Penalty to Johan Franzen for Hooking.
6:04 of 3rd period - Milan Lucic wins face-off versus Brenden Morrow in Rangers zone.
6:04 of 3rd period - Milan Lucic is hit by Brenden Morrow.
6:43 of 3rd period - Slapshot by Cam Barker.
6:43 of 3rd period - Deflect By Mike Cammalleri.
6:43 of 3rd period - Shot Blocked by Dan Girardi.
6:43 of 3rd period - Puck is out of play.
6:44 of 3rd period - Milan Lucic wins face-off versus Gilbert Brule in Senateurs zone.
6:59 of 3rd period - Milan Lucic is hit by Todd Bertuzzi.
7:09 of 3rd period - Vitaly Vishnevsky is hit by Mark Fistric and loses puck.
7:26 of 3rd period - Daymond Langkow is hit by Milan Lucic and loses puck.
8:03 of 3rd period - Penalty to Johan Franzen is over, Johan Franzen is back on ice.
8:06 of 3rd period - Icing by Brenden Morrow.
8:07 of 3rd period - Radek Bonk wins face-off versus Daymond Langkow in Senateurs zone.
8:38 of 3rd period - Wrist shot by Patrice Bergeron.
8:38 of 3rd period - Stopped by Ondrej Pavelec without a rebound.
8:39 of 3rd period - Brad Richards wins face-off versus Andrew Ebbett in Senateurs zone.
8:44 of 3rd period - Wrist shot by Brad Richards.
8:44 of 3rd period - Deflect By B.J. Crombeen.
8:44 of 3rd period - Stopped by Ondrej Pavelec without a rebound.
8:45 of 3rd period - Andrew Ebbett wins face-off versus Brad Richards in Senateurs zone.
8:45 of 3rd period - Andrew Ebbett is hit by Milan Lucic.
8:57 of 3rd period - Snap shot by Andrew Ebbett.
8:57 of 3rd period - Shot Misses the Net.
9:33 of 3rd period - Snap shot by Daymond Langkow.
9:33 of 3rd period - Stopped by Henrik Lundqvist with a rebound.
9:35 of 3rd period - Snap shot by Andy McDonald.
9:35 of 3rd period - Shot Misses the Net.
10:20 of 3rd period - Wrist shot by Nikita Alexeev.
10:20 of 3rd period - Stopped by Henrik Lundqvist with a rebound.
10:22 of 3rd period - Wrist shot by Vernon Fiddler.
10:22 of 3rd period - Stopped by Henrik Lundqvist without a rebound.
10:23 of 3rd period - Nikita Alexeev wins face-off versus Radek Bonk in Rangers zone.
11:15 of 3rd period - Vladimir Mihalik is hit by Johan Franzen and loses puck.
11:41 of 3rd period - Darcy Hordichuk is hit by Drew Stafford.
11:45 of 3rd period - Wrist shot by Andrew Ebbett.
11:45 of 3rd period - Shot Misses the Net.
13:04 of 3rd period - Wrist shot by Daymond Langkow.
13:04 of 3rd period - Shot Misses the Net.
13:28 of 3rd period - Slapshot by Dan Hamhuis.
13:28 of 3rd period - Shot Blocked by Kimmo Timonen.
13:30 of 3rd period - Snap shot by Jean-Pierre Dumont.
13:30 of 3rd period - Shot Misses the Net.
13:48 of 3rd period - Alexandre Burrows is hit by Darcy Hordichuk and loses puck.
14:07 of 3rd period - Darcy Hordichuk is hit by Drew Stafford and loses puck.
14:23 of 3rd period - B.J. Crombeen is hit by Johan Franzen and loses puck.
15:36 of 3rd period - Snap shot by Andy McDonald.
15:36 of 3rd period - Shot Blocked by Brad Richards.
16:25 of 3rd period - Icing by Nikita Alexeev.
16:26 of 3rd period - Alexandre Burrows wins face-off versus Daymond Langkow in Senateurs zone.
16:27 of 3rd period - Wrist shot by Mike Cammalleri.
16:27 of 3rd period - Stopped by Ondrej Pavelec with a rebound.
16:29 of 3rd period - Wrist shot by Mike Cammalleri.
16:29 of 3rd period - Shot Misses the Net.
16:31 of 3rd period - Slapshot by Staffan Kronwall.
16:31 of 3rd period - Shot Misses the Net.
17:01 of 3rd period - Andrew Ebbett is hit by Drew Stafford and loses puck.
17:34 of 3rd period - Snap shot by Darcy Hordichuk.
17:34 of 3rd period - Shot Misses the Net.
17:36 of 3rd period - Snap shot by B.J. Crombeen.
17:36 of 3rd period - Shot Misses the Net.
17:38 of 3rd period - Wrist shot by Andrew Ebbett.
17:38 of 3rd period - Stopped by Henrik Lundqvist with a rebound.
17:40 of 3rd period - Snap shot by Darcy Hordichuk.
17:40 of 3rd period - Shot Blocked by Mark Fistric.
17:42 of 3rd period - Slapshot by Dan Girardi.
17:42 of 3rd period - Stopped by Henrik Lundqvist with a rebound.
17:44 of 3rd period - Slapshot by Dan Girardi.
17:44 of 3rd period - Shot Blocked by Mark Fistric.
17:46 of 3rd period - Wrist shot by B.J. Crombeen.
17:46 of 3rd period - Stopped by Henrik Lundqvist with a rebound.
17:48 of 3rd period - Snap shot by Andrew Ebbett.
17:48 of 3rd period - Deflect By B.J. Crombeen.
17:48 of 3rd period - Stopped by Henrik Lundqvist with a rebound.
18:37 of 3rd period - Snap shot by Radek Bonk.
18:37 of 3rd period - Stopped by Ondrej Pavelec with a rebound.
18:47 of 3rd period - Slapshot by Darcy Hordichuk.
18:47 of 3rd period - Shot Blocked by Kimmo Timonen.
18:49 of 3rd period - Snap shot by Andrew Ebbett.
18:49 of 3rd period - Shot Misses the Net.
18:51 of 3rd period - Slapshot by Dan Girardi.
18:51 of 3rd period - Stopped by Henrik Lundqvist without a rebound.
18:52 of 3rd period - Michel Therrien call a timeout for Rangers.
18:52 of 3rd period - Daymond Langkow wins face-off versus Brad Richards in Rangers zone.
18:53 of 3rd period - Wrist shot by Brenden Morrow.
18:53 of 3rd period - Stopped by Henrik Lundqvist without a rebound.
18:54 of 3rd period - Daymond Langkow wins face-off versus Brad Richards in Rangers zone.
18:57 of 3rd period - Slapshot by Jean-Pierre Dumont.
18:57 of 3rd period - Stopped by Henrik Lundqvist without a rebound.
18:58 of 3rd period - Daymond Langkow wins face-off versus Brad Richards in Rangers zone.
19:11 of 3rd period - Rangers, Henrik Lundqvist is pulled from the net.
19:19 of 3rd period - Snap shot by Brad Richards.
19:19 of 3rd period - Shot Misses the Net.
19:21 of 3rd period - Snap shot by Johan Franzen.
19:21 of 3rd period - Stopped by Ondrej Pavelec without a rebound.
19:22 of 3rd period - Brad Richards wins face-off versus Daymond Langkow in Senateurs zone.
19:25 of 3rd period - Snap shot by Brad Richards.
19:25 of 3rd period - Stopped by Ondrej Pavelec without a rebound.
19:26 of 3rd period - Brad Richards wins face-off versus Daymond Langkow in Senateurs zone.
19:47 of 3rd period - Wrist shot by Milan Lucic.
19:47 of 3rd period - Stopped by Ondrej Pavelec with a rebound.
19:59 of 3rd period - Wrist shot by Brad Richards.
19:59 of 3rd period - Shot Misses the Net.
Goals for this period are 0 for Rangers vs 2 for Senateurs.
Shots for this period are 8 for Rangers vs 18 for Senateurs.
Output by the SimonT Hockey Simulator (STHS) for François Prévost -- Original Page W3C XHTML 1.0 Valid